 Dungeon Sprint DCSS version 0.27-a0-1196-g3e9cee4cb2 (webtiles) character file.

Game seed: 7571251379253207293

9 mhtbhm the Covert (level 2, -10/15 HPs)
             Began as a Spriggan Brigand on May 28, 2021.
             Splashed by an oklob sapling's acid (11 damage)
             ... in the Dungeon (Sprint IV: "Fedhas' Mad Dash").
             The game lasted 00:00:20 (434 turns).

mhtbhm the Covert (Spriggan Brigand)                 Turns: 434, Time: 00:00:22

Health: -10/15     AC: -1    Str:  7    XL:     2   Next: 6%
Magic:  3/3        EV: 16    Int: 12    God:
Gold:   0          SH:  0    Dex: 16    Spells: 1/1 levels left

rFire    . . .     SeeInvis +   a - +2 dagger
rCold    . . .     Faith    .   (shield restricted)
rNeg     . . .     Spirit   .   b - +0 robe
rPois    .         Reflect  .   (helmet restricted)
rElec    .         Harm     .   c - +0 cloak
rCorr    .         Rampage  .   (gloves unavailable)
Will     .....     NoTele   +   (boots unavailable)
Stlth    ++++......             (no amulet)
HPRegen  0.05/turn              (no ring)
MPRegen  0.08/turn              (no ring)

@: corroded, very quick
A: very small, no large weapons, unfitting armour, see invisible, speed 3
a: no special abilities


You were in the Dungeon.
You visited 1 branch

Inventory:

Hand Weapons
 a - a +2 dagger (weapon)
Missiles
 d - 8 poisoned darts
 e - 2 curare-tipped darts (quivered)
Armour
 b - a +0 robe (worn)
 c - a +0 cloak (worn)
Scrolls
 k - a scroll of blinking
Potions
 f - a potion of curing
 g - a potion of heal wounds
 h - a potion of haste
 i - 2 potions of magic
 j - a potion of berserk rage


   Skills:
 + Level 1.8 Fighting
 + Level 2.4 Short Blades
 + Level 2.3 Throwing
 + Level 1.4 Dodging
 + Level 8.2 Stealth


You had one spell level left.
You didn't know any spells.
Your spell library was empty.

Dungeon Overview and Level Annotations

Branches:
Dungeon (1/1)

Altars:

Annotations:
D exclusion: oklob sapling


Innate Abilities, Weirdness & Mutations

You are very small and have problems with some larger weapons.
You are too small for most types of armour.
You have supernaturally acute eyesight. (SInv)
You cover ground extremely quickly. (Speed+++)


Message History

You are already wielding that!
No target in view!
No target in view!
No target in view!
e - a curare-tipped dart
There is an open door here.
You see here a rat corpse.
You see here a +0 robe.
d - 8 poisoned darts (gained 1)
e - 2 curare-tipped darts (gained 1)
You open the door.
Found 30 gold pieces.
An oklob sapling comes into view.
Marking area around an oklob sapling as unsafe for travelling.
Found 6 gold pieces.
There is an open door here.
Unknown command.
You start waiting.
Done waiting.
You start waiting.
Done waiting.
Unknown command.
Really walk into a travel-excluded area?
There is an open door here.
You hit the oklob sapling but do no damage.
Unknown command.
You start waiting.
Done waiting.
You start waiting.
Done waiting.
Really walk into a travel-excluded area?
There is an open door here.
You hit the oklob sapling but do no damage.
The oklob sapling spits acid at you. The splash of acid hits you!
Ouch! That really hurt!
* * * LOW HITPOINT WARNING * * *
The acid corrodes you!
You are splashed with acid!
Ouch! That really hurt!
You die...

##################
#<..P#.....#.$$$$#
#P...'รท[...@.#
#PPPP#.....#P#
##############


You could see an oklob sapling.

Vanquished Creatures
  A river rat (D)
  A rat (D)
2 creatures vanquished.

Vanquished Creatures (others)
  A fungus (D)
1 creature vanquished.

Grand Total: 3 creatures vanquished

Notes
Turn   | Place    | Note
-------+----------+-------------------------------------------
     0 | D        | mhtbhm the Spriggan Brigand began the quest for the Orb.
     0 | D        | Reached XP level 1. HP: 10/10 MP: 2/2
    13 | D        | Reached skill level 8 in Stealth
    13 | D        | Reached XP level 2. HP: 15/15 MP: 3/3
    28 | D        | Noticed an oklob sapling
   434 | D        | Splashed by an oklob sapling's acid

Illustrated notes

Levels and vault maps discovered:
D:        dungeon_sprint_fedhas [sprint_temple]

Skill      XL: |  1 |
---------------+----+-----
Stealth        | 8 |  8.2
Fighting       | |  1.8
Short Blades   | |  2.4
Throwing       | |  2.3
Dodging        | |  1.4

Action                   || total
-------------------------++-------
Melee: Dagger            ||     3
Throw: Dart              ||     3
Dodge: Dodged            ||     1

Table legend: (Time is in decaauts)
 A = Elapsed time spent in this place.
 B = Non-inter-level travel time spent in this place.
 C = Inter-level travel time spent in this place.
 D = Time resting spent in this place.
 E = Time spent auto-exploring this place.
 F = Levels seen in this place.
 G = Mean time per level.
                   A        B        C        D        E       F      G
               +--------+--------+--------+--------+--------+-----+--------+
         Total |    423 |    423 |      0 |    400 |      0 |   1 |  423.0 |
       Dungeon |    423 |    423 |      0 |    400 |      0 |   1 |  423.0 |
               +--------+--------+--------+--------+--------+-----+--------+

Top non-repeatable levels by time:
       D: 423 daAuts
